Map: [ESL] Inside and Out

Players

Rhizer

  • Race: Protoss Protoss
  • Spawn Location: 7:00

ShoWTimE - Winner!

  • Race: Protoss Protoss
  • Spawn Location: 1:00

Event: DreamHack SC2 Masters 2022 Valencia

VOD

Have the link to the VOD?

Description

Time

  • Played on: July 1, 2022, 8:47 a.m.
  • Length: 11:16

All games in this series

Show
View Real Time Build Order
Export as new Build Order

Rhizer Protoss 

Build Orders: Oracle Opening 

Get SALT Encoding   

  12  0:00  Probe  
  13  0:12  Probe  
  14  0:18  Pylon  
  14  0:24  Probe (Chrono Boost)  
  15  0:36  Probe (Chrono Boost)  
  15  0:38  Gateway  
  16  0:45  Probe (Chrono Boost)  
  16  0:47  Assimilator  
  17  0:51  Probe  
  17  0:55  Assimilator  
  18  1:03  Probe (Chrono Boost)  
  19  1:13  Probe (Chrono Boost)  
  19  1:16  Pylon  
  19  1:17  Probe (Chrono Boost)  
  21  1:27  Cybernetics Core  
  21  1:31  Probe  
  22  1:35  Zealot  
  24  1:43  Probe  
  25  1:55  Probe  
  28  2:12  Nexus  
  25  2:22  Probe  
  26  2:25  Stargate  
  26  2:26  Warp Gate  
  26  2:34  Stalker  
  28  2:42  Probe  
  28  2:44  Pylon  
  29  2:53  Shield Battery  
  29  2:54  Probe  
  30  3:06  Probe  
  35  3:20  Probe (Chrono Boost)  
  35  3:22  Twilight Council  
  35  3:24  Probe (Chrono Boost)  
  36  3:32  Probe (Chrono Boost)  
  39  3:35  Oracle  
  39  3:37  Probe (Chrono Boost)  
  39  3:41  Probe (Chrono Boost)  
  40  3:52  Shield Battery  
  40  3:54  Gateway  
  39  3:56  Pylon  
  39  3:59  Probe  
  39  4:02  Blink (Chrono Boost)  
  38  4:07  Probe (Chrono Boost)  
  37  4:14  Dark Shrine  
  37  4:15  Gateway  
  37  4:18  Probe (Chrono Boost)  
  39  4:26  Probe (Chrono Boost)  
  39  4:27  Probe (Chrono Boost)  
  39  4:29  Stalker  
  42  4:32  Probe (Chrono Boost)  
  42  4:33  Probe (Chrono Boost)  
  42  4:37  Gateway  
  44  4:45  Pylon, Probe  
  45  4:49  Probe  
  45  4:52  Assimilator  
  46  4:57  Probe  
  46  5:02  Probe  
  47  5:08  Nexus  
  47  5:09  Probe  
  47  5:14  Probe  
  49  5:16  Forge  
  50  5:21  Probe  
  50  5:22  Stalker x2  
  50  5:26  Pylon  
  55  5:28  Probe  
  55  5:33  Probe  
  56  5:37  Pylon  
  56  5:39  Stalker  
  56  5:40  Sentry  
  60  5:44  Protoss Ground Weapons Level 1 (Chrono Boost)  
  60  5:46  Probe  
  60  5:49  Charge (Chrono Boost), Probe  
  59  5:50  Stalker x2  
  63  5:58  Probe  
  63  6:01  Probe  
  64  6:09  Stalker x2  
  68  6:17  Probe  
  70  6:20  Stalker, Shield Battery  
  70  6:21  Stalker  
  73  6:30  Probe  
  73  6:31  Probe  
  75  6:32  Dark Templar  
  75  6:37  Stalker  
  75  6:38  Probe  
  80  6:43  Probe x2  
  82  6:47  Dark Templar  
  82  6:50  Probe  
  83  6:55  Probe x2  
  83  6:56  Gateway  
  83  6:59  Gateway  
  85  7:02  Pylon, Probe, Robotics Facility  
  85  7:07  Probe  
  87  7:11  Stalker x2  
  91  7:20  Stalker x2  
  95  7:25  Assimilator  
  95  7:27  Protoss Ground Weapons Level 2 (Chrono Boost), Gateway  
  95  7:29  Gateway  
  93  7:36  Gateway  
  85  7:40  Pylon  
  85  7:41  Zealot x2  
  87  7:47  Stalker x2, Pylon  
  91  7:55  Nexus  
  91  7:57  Pylon  
  91  8:01  Dark Shrine  
  91  8:05  Probe  
  92  8:07  Observer  
  92  8:08  Probe x2  
  95  8:13  Zealot x3  
  95  8:17  Probe  
  102  8:23  Pylon  
  102  8:28  Warp Prism (Chrono Boost)  
  104  8:36  Shield Battery  
  104  8:37  Stalker x4  
  111  8:44  Pylon  
  111  8:45  Pylon  
  111  8:48  Probe x2  
  113  8:55  Photon Cannon  
  113  8:59  Stalker x4  
  121  9:05  Pylon  
  121  9:09  Zealot x3  
  113  9:37  Dark Templar x4  
  108  9:40  Zealot x4  
  112  9:49  Archon  
  112  9:52  Warp Prism (Chrono Boost)  
  112  9:57  Probe x2  
  112  9:59  Assimilator  
  112  10:01  Stalker x4  
  112  10:03  Assimilator  
  118  10:09  Probe x3  
  118  10:12  Zealot x4  
  129  10:18  Probe  
  129  10:20  Gateway  
  131  10:21  Probe  
  131  10:23  Gateway  
  131  10:25  Zealot x4  
  139  10:35  Pylon  
  129  10:36  Zealot x4  
  121  10:49  Dark Templar x4  
  95  10:58  Stalker x2, Zealot x2  
Show
View Real Time Build Order
Export as new Build Order

ShoWTimE Protoss - Winner!

Build Orders: Phoenix Opening 

Get SALT Encoding   

  12  0:00  Probe  
  13  0:12  Probe  
  14  0:18  Pylon  
  14  0:24  Probe (Chrono Boost)  
  15  0:36  Probe (Chrono Boost)  
  15  0:39  Gateway  
  16  0:45  Probe (Chrono Boost)  
  16  0:46  Assimilator  
  17  0:51  Probe  
  18  1:03  Probe (Chrono Boost)  
  19  1:04  Assimilator  
  19  1:06  Pylon  
  19  1:13  Probe (Chrono Boost)  
  20  1:18  Probe (Chrono Boost)  
  21  1:25  Cybernetics Core  
  21  1:29  Probe  
  21  1:32  Zealot  
  24  1:41  Probe  
  25  1:53  Probe  
  26  2:02  Stargate  
  26  2:05  Probe  
  27  2:21  Nexus  
  27  2:25  Probe  
  28  2:30  Pylon  
  28  2:34  Warp Gate  
  28  2:37  Probe  
  29  2:45  Phoenix (Chrono Boost)  
  29  2:49  Probe  
  32  3:01  Probe, Phoenix (Chrono Boost)  
  34  3:13  Probe  
  35  3:22  Phoenix (Chrono Boost)  
  35  3:26  Probe  
  38  3:27  Twilight Council  
  38  3:35  Probe  
  38  3:38  Probe  
  38  3:47  Probe  
  39  3:48  Shield Battery  
  39  3:50  Probe  
  40  3:59  Probe  
  40  4:00  Blink (Chrono Boost)  
  40  4:02  Probe  
  42  4:04  Gateway  
  42  4:06  Gateway  
  42  4:11  Probe  
  42  4:14  Probe  
  42  4:16  Shield Battery  
  44  4:21  Stalker  
  44  4:23  Probe  
  47  4:24  Pylon  
  47  4:26  Probe  
  48  4:35  Probe  
  48  4:36  Assimilator  
  49  4:38  Probe  
  49  4:43  Pylon  
  50  4:47  Probe  
  50  4:49  Robotics Facility  
  50  4:50  Stalker, Probe  
  55  5:00  Pylon  
  55  5:01  Stalker, Pylon  
  55  5:02  Probe  
  55  5:04  Oracle  
  60  5:13  Stalker  
  62  5:14  Probe  
  63  5:29  Stalker x2  
  63  5:35  Pylon  
  67  5:38  Observer  
  68  5:49  Nexus  
  68  5:50  Probe x2  
  68  5:53  Stalker  
  72  5:58  Stalker  
  72  5:59  Pylon  
  72  6:02  Probe x2  
  76  6:14  Probe x2  
  76  6:20  Stalker x2  
  76  6:21  Observer  
  81  6:26  Stalker, Probe  
  81  6:27  Probe  
  81  6:28  Shield Battery  
  81  6:31  Pylon  
  85  6:39  Probe x2  
  87  6:44  Stalker x2  
  91  6:51  Probe  
  92  6:56  Pylon, Probe  
  92  6:57  Forge  
  92  7:00  Stalker  
  95  7:01  Observer  
  95  7:02  Probe  
  96  7:11  Observer  
  96  7:12  Stalker x2  
  101  7:19  Probe  
  101  7:21  Gateway  
  101  7:22  Gateway  
  101  7:23  Protoss Ground Weapons Level 1 (Chrono Boost)  
  101  7:24  Stalker, Gateway  
  101  7:26  Charge (Chrono Boost)  
  102  7:38  Gateway  
  102  7:44  Gateway  
  102  7:46  Stalker x2, Pylon  
  102  7:49  Photon Cannon  
  106  7:52  Stalker  
  106  7:54  Probe x2  
  110  7:58  Pylon  
  110  8:02  Nexus  
  110  8:13  Pylon  
  110  8:17  Stalker x5  
  120  8:20  Shield Battery  
  120  8:24  Pylon  
  120  8:29  Stalker  
  120  8:31  Probe  
  120  8:32  Probe  
  120  8:33  Probe  
  125  8:42  Zealot x5  
  125  8:46  Shield Battery  
  125  8:47  Shield Battery  
  135  8:54  Zealot x3  
  140  8:58  Pylon  
  140  9:02  Zealot x2  
  144  9:08  Stalker x2  
  147  9:12  Stalker  
  143  9:27  Stalker x4  
  129  9:36  Zealot x4  
  133  9:55  Stalker x2  
  133  9:56  Stalker, Robotics Facility  
  133  9:59  Zealot x3  
  145  10:07  Photon Cannon  
  145  10:08  Photon Cannon, Zealot  
  145  10:09  Nexus  
  145  10:10  Pylon  
  147  10:14  Stalker  
  147  10:21  Zealot x5  
  159  10:24  Photon Cannon  
  135  10:43  Zealot x8  
  135  10:53  Observer (Chrono Boost)  
  128  10:59  Probe, Gateway  
  128  11:00  Probe  
  128  11:02  Probe x2  
  128  11:03  Gateway  
  130  11:05  Stalker  
  130  11:06  Stalker x4  
  134  11:15  Stalker x2  

Tags
 
Add a new tag
Caveats
  • Supply blocks, unpowered buildings, or Contaminate may cause inaccurate times.
  • Supply counts are checked every 10 seconds.